[ AOE2 MATCH · #505323953 ]
UnrankedSicilians vs Japanese
Player's team · WIN
Rival team · LOSS
[ REPLAY ANALYSIS · EXTRACTED FROM THE RECORDED GAME ]
Feudal
25:02
Castle
—
Imperial
—
| APM avg | 30.9 |
| APM peak | 59 |
| eAPM avg | 15.9 |
| Villagers / military | 55 / 0 |
Focus
⚔️ 19.8% · 🌾 80.2%
Feudal
9:13
Castle
—
Imperial
—
| APM avg | 30.4 |
| APM peak | 68 |
| eAPM avg | 10.0 |
| Villagers / military | 24 / 14 |
Focus
⚔️ 42.0% · 🌾 58.0%
Archer ×9 · Militia ×5
Match map
Initial resources + every placement click. Lines = walls · curves = elevation contours. ◆ gold · ⬟ stone · ● berries · ✦ relic · ◌ wall gap
Your base· Open — unwalled flank
Pumpk1nL0rd's base· Open — unwalled flank
Smoothed initial terrain · ◌ = detected wall gap · hover for details
Inputs per minute
— Liberty - - Pumpk1nL0rd
Build order — Liberty
88 actions detected in the replay
| 0:00 | Queue | Villager (Male) |
| 0:02 | Build | House |
| 0:04 | Build | House |
| 0:21 | Queue | Villager (Male) |
| 0:21 | Queue | Villager (Male) |
| 0:23 | Queue | Villager (Male) |
| 1:26 | Queue | Villager (Male) |
| 1:26 | Queue | Villager (Male) |
| 1:46 | Build | Lumber Camp |
| 2:29 | Queue | Villager (Male) |
| 2:29 | Queue | Villager (Male) |
| 2:29 | Queue | Villager (Male) |
| 2:55 | Queue | Villager (Male) |
| 2:55 | Queue | Villager (Male) |
| 3:18 | Queue | Villager (Male) |
| 3:18 | Queue | Villager (Male) |
| 3:38 | Research | Loom |
| 3:38 | Queue | Villager (Male) |
| 3:38 | Queue | Villager (Male) |
| 3:38 | Queue | Villager (Male) |
| 3:59 | Queue | Villager (Male) |
| 3:59 | Queue | Villager (Male) |
| 4:32 | Queue | Villager (Male) |
| 5:46 | Queue | Villager (Male) |
| 5:46 | Queue | Villager (Male) |
| 5:46 | Queue | Villager (Male) |
| 5:47 | Queue | Villager (Male) |
| 5:47 | Queue | Villager (Male) |
| 6:40 | Queue | Villager (Male) |
| 6:41 | Queue | Villager (Male) |
| 6:41 | Queue | Villager (Male) |
| 6:48 | Build | House |
| 6:59 | Build | House |
| 7:22 | Queue | Villager (Male) |
| 7:22 | Queue | Villager (Male) |
| 8:09 | Build | Mill |
| 8:54 | Build | Town Center |
| 9:24 | Queue | Villager (Male) |
| 9:36 | Queue | Villager (Male) |
| 9:54 | Build | House |
| 10:14 | Queue | Villager (Male) |
| 10:40 | Queue | Villager (Male) |
| 11:13 | Queue | Villager (Male) |
| 11:13 | Queue | Villager (Male) |
| 11:54 | Queue | Villager (Male) |
| 11:55 | Queue | Villager (Male) |
| 12:17 | Build | House |
| 12:44 | Build | Town Center |
| 12:53 | Build | House |
| 12:56 | Build | House |
| 13:00 | Build | House |
| 13:04 | Build | House |
| 13:38 | Queue | Villager (Male) |
| 13:38 | Queue | Villager (Male) |
| 14:11 | Queue | Villager (Male) |
| 14:12 | Queue | Villager (Male) |
| 14:12 | Queue | Villager (Male) |
| 14:12 | Queue | Villager (Male) |
| 14:28 | Queue | Villager (Male) |
| 14:28 | Queue | Villager (Male) |
| 15:29 | Queue | Villager (Male) |
| 16:41 | Queue | Villager (Male) |
| 16:44 | Queue | Villager (Male) |
| 18:00 | Build | Farm |
| 18:00 | Build | Farm |
| 18:00 | Build | Farm |
| 18:00 | Build | Farm |
| 18:01 | Build | Farm |
| 18:03 | Build | Farm |
| 18:30 | Build | Mill |
| 18:38 | Build | Farm |
| 18:38 | Build | Farm |
| 18:39 | Build | Farm |
| 18:40 | Build | Farm |
| 18:40 | Build | Farm |
| 19:32 | Queue | Villager (Male) |
| 21:27 | Queue | Villager (Male) |
| 21:29 | Queue | Villager (Male) |
| 22:03 | Queue | Villager (Male) |
| 22:50 | Queue | Villager (Male) |
| 22:52 | Research | Feudal Age |
| 23:32 | Build | Lumber Camp |
| 23:43 | Build | Lumber Camp |
| 23:51 | Build | Lumber Camp |
| 24:13 | Queue | Villager (Male) |
| 24:39 | Build | Mining Camp |
| 24:58 | Queue | Villager (Male) |
| 25:02 | Age | Feudal Age |
Build order — Pumpk1nL0rd
54 actions detected in the replay
| 0:00 | Queue | Villager (Male) ×4 |
| 0:01 | Queue | Villager (Male) ×4 |
| 0:09 | Build | House |
| 0:35 | Build | House |
| 0:37 | Build | House |
| 2:19 | Queue | Villager (Male) ×2 |
| 3:22 | Queue | Villager (Male) |
| 3:23 | Queue | Villager (Male) ×2 |
| 3:23 | Queue | Villager (Male) ×2 |
| 4:14 | Queue | Villager (Male) |
| 4:34 | Build | Lumber Camp |
| 4:51 | Queue | Villager (Male) |
| 5:16 | Queue | Villager (Male) |
| 6:28 | Research | Loom |
| 6:40 | Build | Mining Camp |
| 6:44 | Queue | Villager (Male) |
| 7:03 | Research | Feudal Age |
| 7:03 | Research | Feudal Age |
| 8:30 | Build | Barracks |
| 9:13 | Age | Feudal Age |
| 9:16 | Build | Mining Camp |
| 9:18 | Queue | Villager (Male) |
| 9:32 | Build | Palisade Gate |
| 9:37 | Build | House |
| 9:38 | Queue | Villager (Male) |
| 9:56 | Build | Watch Tower |
| 10:00 | Queue | Villager (Male) |
| 10:01 | Queue | Villager (Male) ×2 |
| 11:11 | Build | Stone Wall |
| 11:21 | Build | Stone Wall |
| 12:58 | Queue | Militia |
| 12:58 | Queue | Militia |
| 12:58 | Queue | Militia |
| 13:49 | Queue | Militia |
| 13:50 | Queue | Militia |
| 14:30 | Build | Lumber Camp |
| 16:06 | Build | Mill |
| 16:30 | Build | Market |
| 17:03 | Build | Archery Range |
| 17:38 | Queue | Archer |
| 17:51 | Build | House |
| 17:53 | Build | House |
| 17:58 | Build | House |
| 18:21 | Queue | Archer |
| 18:22 | Queue | Archer |
| 18:39 | Build | House |
| 18:41 | Build | House |
| 19:12 | Queue | Archer ×2 |
| 20:10 | Queue | Archer |
| 21:25 | Build | Lumber Camp |
| 21:50 | Queue | Archer |
| 22:27 | Queue | Archer |
| 23:01 | Build | Mining Camp |
| 23:25 | Queue | Archer |
Match timeline
| 8:30 | Pumpk1nL0rd · first_building Barracks |
| 9:13 | Pumpk1nL0rd · age_up feudal |
| 11:11 | Pumpk1nL0rd · wall_segment Stone Wall x1 |
| 11:21 | Pumpk1nL0rd · wall_segment Stone Wall x1 |
| 16:59 | Pumpk1nL0rd · first_market_buy 100 wood |
| 17:03 | Pumpk1nL0rd · first_building Archery Range |
| 23:18 | Pumpk1nL0rd · first_market_sell 100 wood |
| 25:02 | Liberty · age_up feudal |
| 25:18 | Pumpk1nL0rd · resign |
[ AI ANALYSIS · 1 CREDIT ]
What really happened in this match?
Wolo.gg analyzes every decision: build order, eco, micro, common mistakes by bracket. Personalized analysis on WhatsApp or Discord in 30 seconds.
Civ guide
Sicilians
Perfil
Jugador #6175977